 Dungeon Crawl Stone Soup version 0.17-a0-2093-gc772f4b (webtiles) character file.

26677 ololoev the Destroyer (level 13, 90/90 HPs)
             Began as a Demonspawn Fire Elementalist on Oct 16, 2015.
             Was a High Priest of Vehumet.
             Quit the game on level 4 of the Lair of Beasts.
             The game lasted 00:58:40 (15743 turns).

ololoev the Destroyer (DsFE)                       Turns: 15743, Time: 00:58:40

Health: 90/90      AC: 20    Str:  8    XL:     13   Next: 0%
Magic:  10/27      EV: 14    Int: 24    God:    Vehumet [*****.]
Gold:   846        SH:  0    Dex: 15    Spells: 4 memorised, 20 levels left

rFire  . . .     SeeInvis +     a - +2 mace (protect)
rCold  + . .     Clarity  .     I - +2 robe of Honour {+Inv rPois}
rNeg   . . .     SustAt   .     (no shield)
rPois  +         Gourm    .     s - +0 helmet {Int+3}
rElec  .         Spirit   .     (no cloak)
rCorr  .         Warding  .     y - +0 pair of gloves
rMut   .         Stasis   .     r - +2 pair of boots
MR     .....                    B - amulet of faith
Stlth  ++........               e - ring of see invisible
                                L - ring of wizardry

@: not resistant to hostile enchantments, unstealthy
A: hooves 1, iridescent scales 2, cold resistance 1, powered by pain 2, freezing
cloud immunity
a: Renounce Religion, Evoke Invisibility


Innate Abilities, Weirdness & Mutations

You have large cloven feet.
You are mostly covered in iridescent scales (AC +6).
Your flesh is cold resistant.
You sometimes gain power by taking damage.
You are immune to freezing clouds.

Inventory:

Hand Weapons
 a - a +2 mace of protection (weapon)
 b - a +2 trident of venom
Missiles
 i - a throwing net (quivered)
Armour
 k - a troll hide
 r - a +2 pair of boots (worn)
 s - a +0 helmet of intelligence (worn)
 y - a +0 pair of gloves (worn)
 A - a +0 buckler
 I - the +2 robe of Honour (worn) {+Inv rPois}
   (You found it on level 6 of the Dungeon)

   It protects you from poison.
   It lets you turn invisible.
Jewellery
 e - a ring of see invisible (right hand)
 f - an uncursed amulet of warding
 B - an amulet of faith (around neck)
 L - a ring of wizardry (left hand)
Wands
 m - a wand of digging (19)
Scrolls
 d - 3 scrolls of amnesia
 h - a scroll of random uselessness {unknown}
 t - a scroll of magic mapping
 v - a scroll of torment {unknown}
 w - 6 scrolls of remove curse
 z - a scroll of immolation
 D - 3 scrolls of recharging
 K - a scroll of fog
 N - 3 scrolls of teleportation
 O - a scroll of blinking {unknown}
Potions
 j - a potion of flight {unknown}
 l - a potion of poison {unknown}
 o - a potion of ambrosia
 u - 3 potions of haste
 x - 3 potions of berserk rage {unknown}
 C - 5 potions of resistance
 F - 3 potions of degeneration {unknown}
 G - 2 potions of heal wounds
 J - 2 potions of curing
Books
 p - a book of Flames

   Spells                             Type                      Level
   a - Flame Tongue                   Conjuration/Fire             1
   b - Throw Flame                    Conjuration/Fire             2
   c - Conjure Flame                  Conjuration/Fire             3
   d - Inner Flame                    Hexes/Fire                   3
   e - Sticky Flame                   Conjuration/Fire             4
   f - Fireball                       Conjuration/Fire             5
Miscellaneous
 E - a lamp of fire
Comestibles
 c - 9 bread rations
 g - 3 meat rations
 q - 3 beef jerkies
 H - 4 slices of pizza


   Skills:
 + Level 4.5 Fighting
 + Level 4.7 Dodging
 - Level 1.7 Stealth
 + Level 10.5 Spellcasting
 * Level 12.7 Conjurations
 * Level 11.6 Fire Magic


You had 20 spell levels left.
You knew the following spells:

 Your Spells              Type           Power        Failure   Level  Hunger
a - Flame Tongue          Conj/Fire      #####        1%          1    None
b - Conjure Flame         Conj/Fire      ######..     1%          3    None
c - Sticky Flame          Conj/Fire      ######..     1%          4    None
d - Fireball              Conj/Fire      ######....   1%          5    ####...


You were on level 4 of the Lair of Beasts.
You worshipped Vehumet.
Vehumet was extremely pleased with you.
You were not hungry.

You visited 3 branches of the dungeon, and saw 16 of its levels.
You also visited: Bailey.

You collected 846 gold pieces.

### ###########.###
##.####P...P##.##...#
#..†...@......[....##
.††..#.##########..#
... ## ###...# .
#P....### #P......#
#.....####
########.....##
#.............# . ..
.....###.....##

Notes
Turn   | Place    | Note
--------------------------------------------------------------
     0 | D:1      | ololoev the Demonspawn Fire Elementalist began the quest for the Orb.
     0 | D:1      | Reached XP level 1. HP: 13/13 MP: 3/3
   120 | D:1      | Reached skill level 3 in Fire Magic
   234 | D:1      | Gained mutation: You are partially covered in iridescent scales (AC +4). [demonic ancestry]
   234 | D:1      | Reached XP level 2. HP: 17/19 MP: 3/5
   819 | D:1      | Gained mutation: Your flesh is cold resistant. [demonic ancestry]
   819 | D:1      | Reached XP level 3. HP: 17/24 MP: 4/6
   993 | D:2      | Found a burning altar of Makhleb.
  1098 | D:2      | Noticed Sigmund
  1104 | D:2      | Learned a level 3 spell: Conjure Flame
  1630 | D:2      | Found a shadowy altar of Dithmenos.
  1929 | D:2      | You fall through a shaft!
  2143 | D:3      | Noticed a scorpion
  2156 | D:3      | Killed a scorpion
  2156 | D:3      | Gained mutation: You are mostly covered in iridescent scales (AC +6). [demonic ancestry]
  2156 | D:3      | Reached XP level 4. HP: 3/30 MP: 4/8
  2504 | D:3      | Reached XP level 5. HP: 35/35 MP: 9/9
  3251 | D:4      | Learned a level 4 spell: Sticky Flame
  3251 | D:4      | Reached skill level 4 in Conjurations
  3377 | D:4      | Reached XP level 6. HP: 41/41 MP: 7/11
  3782 | D:4      | Found Ebrai's Gadget Boutique.
  3939 | D:4      | Found a basalt altar of Yredelemnul.
  4116 | D:5      | Entered Level 5 of the Dungeon
  4138 | D:5      | Reached skill level 5 in Conjurations
  4200 | D:5      | Noticed altaj's ghost (amateur OpAs)
  4268 | D:4      | Reached XP level 7. HP: 46/46 MP: 7/12
  4302 | D:5      | Noticed Prince Ribbit
  4355 | D:5      | Killed Prince Ribbit
  4519 | D:5      | Reached skill level 6 in Conjurations
  4717 | D:5      | Reached skill level 5 in Fire Magic
  5249 | D:5      | Gained mutation: You sometimes gain a little power by taking damage. [demonic ancestry]
  5249 | D:5      | Reached XP level 8. HP: 52/52 MP: 10/14
  5256 | D:5      | Killed altaj's ghost
  5435 | D:6      | Noticed Blork the orc
  5446 | D:6      | Killed Blork the orc
  5490 | D:6      | Reached skill level 5 in Spellcasting
  5702 | D:6      | Reached skill level 7 in Conjurations
  5759 | D:6      | Learned a level 5 spell: Fireball
  5893 | D:6      | Got a shadowed robe
  5927 | D:6      | Identified the +2 robe of Honour {+Inv rPois} (You found it on level 6 of the Dungeon)
  6433 | D:6      | Gained mutation: You sometimes gain power by taking damage. [demonic ancestry]
  6433 | D:6      | Reached XP level 9. HP: 57/57 MP: 13/17
  6652 | D:7      | You fall through a shaft for 2 floors!
  6777 | D:9      | Reached skill level 8 in Conjurations
  6871 | D:9      | Noticed a griffon
  6941 | D:9      | Found a glowing golden altar of the Shining One.
  6941 | D:9      | Found an ancient bone altar of Kikubaaqudgha.
  6941 | D:9      | Found a shimmering altar of Xom.
  7038 | D:9      | Found a flagged portal.
  7045 | D:9      | Got an iridescent halberd
  7047 | D:9      | Identified the +4 halberd of Pain and Death {freeze, +Inv rElec MP+9 Str-4} (You found it on level 9 of the Dungeon)
  7102 | Bailey   | Entered a bailey
  7190 | Bailey   | Noticed brucemayne's ghost (novice DDGl)
  7348 | Bailey   | Killed brucemayne's ghost
  7348 | Bailey   | Reached skill level 9 in Conjurations
  7348 | Bailey   | Gained mutation: You are immune to freezing clouds. [demonic ancestry]
  7348 | Bailey   | Reached XP level 10. HP: 63/63 MP: 1/21
  7477 | Bailey   | Noticed Kidiri's ghost (novice DrCj)
  7686 | Bailey   | Killed Kidiri's ghost
  8025 | Bailey   | Got a bronze crystal plate armour
  8679 | D:7      | Found a deep blue altar of Sif Muna.
  8727 | D:7      | Found a staircase to the Ecumenical Temple.
  8735 | Temple   | Entered the Ecumenical Temple
  8905 | Temple   | Became a worshipper of Vehumet
  8943 | D:7      | Noticed B1inky's ghost (novice OpFi)
  8948 | D:7      | Killed B1inky's ghost
  8948 | D:7      | Reached skill level 10 in Conjurations
  9186 | D:7      | Found a bloodstained altar of Trog.
  9809 | D:8      | Reached * piety under Vehumet
  9809 | D:8      | Offered knowledge of Sting by Vehumet.
  9994 | D:8      | You fall through a shaft for 2 floors!
  9994 | D:10     | Entered Level 10 of the Dungeon
  9994 | D:10     | Found a staircase to the Lair.
  9994 | D:10     | Noticed a hill giant
  9997 | D:10     | Noticed Erica
 10176 | D:10     | Reached XP level 11. HP: 51/68 MP: 12/23
 10184 | D:10     | Killed a hill giant
 10343 | D:9      | Identified the +12 crystal plate armour "Fukux" {-Tele Int+5} (You took it off an orc warrior in a bailey)
 10490 | D:9      | Identified the Catalogue of Attacks
 10739 | D:9      | Killed a griffon
 11478 | D:10     | Offered knowledge of Sandblast by Vehumet.
 11487 | D:10     | Noticed a cyclops
 11490 | D:10     | Killed a cyclops
 11490 | D:10     | Reached ** piety under Vehumet
 11605 | D:10     | Noticed an unseen horror
 11610 | D:10     | Killed an unseen horror
 11610 | D:10     | Reached skill level 11 in Conjurations
 11610 | D:10     | Reached skill level 10 in Fire Magic
 11736 | D:10     | Noticed a hill giant
 11755 | D:10     | Killed a hill giant
 11847 | D:10     | Killed Erica
 11847 | D:10     | Reached skill level 1 in Fighting
 12023 | D:10     | Offered knowledge of Ignite Poison by Vehumet.
 12292 | D:11     | Noticed Erolcha
 12342 | Lair:1   | Entered Level 1 of the Lair of Beasts
 12391 | Lair:1   | Reached *** piety under Vehumet
 13068 | Lair:2   | Offered knowledge of Mephitic Cloud by Vehumet.
 13162 | Lair:2   | Reached XP level 12. HP: 78/78 MP: 5/25
 13359 | Lair:2   | Reached skill level 10 in Spellcasting
 13396 | Lair:2   | Noticed B1inky's ghost (journeyman OpFi)
 13832 | Lair:3   | Found a staircase to the Snake Pit.
 13841 | Lair:3   | Reached **** piety under Vehumet
 13853 | Lair:3   | Reached skill level 12 in Conjurations
 14016 | Lair:3   | Offered knowledge of Static Discharge by Vehumet.
 14121 | Lair:3   | Found a staircase to the Swamp.
 14387 | Lair:3   | Noticed Gastronok
 14560 | Lair:3   | Killed Gastronok
 14825 | Lair:3   | Found a blossoming altar of Fedhas.
 15265 | Lair:3   | Reached ***** piety under Vehumet
 15530 | Lair:4   | Noticed a six-headed hydra
 15737 | Lair:4   | Offered knowledge of Orb of Destruction by Vehumet.
 15740 | Lair:4   | Gained mutation: You have large cloven feet. [demonic ancestry]
 15740 | Lair:4   | Reached XP level 13. HP: 90/90 MP: 15/27
 15743 | Lair:4   | Quit the game

Dungeon Overview and Level Annotations

Branches:
Dungeon (11/15)            Temple (1/1) D:7            Lair (4/8) D:10
  Swamp (0/4) Lair:3        Snake (0/4) Lair:3
    Orc: D:9-12

Altars:
Ashenzari
Cheibriados
Dithmenos
Elyvilon
Fedhas
Gozag
Kikubaaqudgha
Makhleb
Nemelex Xobeh
Okawaru
Qazlal
Ru
Sif Muna
Trog
Vehumet
Xom
Yredelemnul
Zin
The Shining One

Shops:
D:4 }

Annotations:
D:2 Sigmund
D:11 Erolcha
Lair:2 B1inky's ghost, journeyman OpFi


Message History

You feel your power returning.
The fireball engulfs the water moccasin.
You kill the water moccasin!
Vehumet accepts your kill.
You feel your power returning.
A sheep comes into view.
Unknown command.
Casting: Fireball
Confirm with . or Enter, or press ? or * to list all spells.
Aiming: Fireball
Press: ? - help, Shift-Dir - straight line, f - giant frog, p - sheep
Aim: a giant frog (hasn't noticed you)
The fireball explodes!
The fireball engulfs the sheep.
You kill the sheep!
Vehumet accepts your kill.
You feel your power returning.
The fireball engulfs the giant frog.
You kill the giant frog!
Vehumet accepts your kill.
You feel your power returning.
You have reached level 13!
Your demonic ancestry asserts itself...
Your feet thicken and deform.
The sheep bellows!
Casting: Fireball
Confirm with . or Enter, or press ? or * to list all spells.
Aiming: Fireball
Press: ? - help, Shift-Dir - straight line, f - sheep
Aim: a sheep The fireball explodes!
The fireball engulfs the sheep.
The sheep is almost dead.
Unknown command.
Unknown command.
Casting: Fireball
Confirm with . or Enter, or press ? or * to list all spells.
Aiming: Flame Tongue
Press: ? - help, Shift-Dir - straight line, f/p - sheep
Aim: a sheep (almost dead)
The flame tongue hits the sheep.
The sheep appears unharmed.
The sheep is almost dead.
Are you sure you want to abandon this character and quit the game? (Confirm with "yes".)

There were no monsters in sight!

Vanquished Creatures
  Gastronok (Lair:3)
  Erica (D:10)
  The ghost of B1inky the Martial Artist, a novice OpFi of Ru (D:7)
  The ghost of Kidiri the Thaumaturge, a novice DrCj of Vehumet (Bailey)
  An unseen horror (D:10)
  2 hill giants (D:10)
  A griffon (D:9)
  A cyclops (D:10)
  10 black mambas
  The ghost of brucemayne the Cleaver, a novice DDGl of Makhleb (Bailey)
  A gargoyle (D:10)
  7 spiny frogs
  A komodo dragon (Lair:3)
  A troll (D:9)
  A merfolk (D:9)
  Prince Ribbit (D:5)
  10 blink frogs (Lair:3)
  The ghost of altaj the Covert, an amateur OpAs (D:5)
  A wraith (D:10)
  18 yaks
  A steam dragon (D:7)
  A basilisk (Lair:3)
  A wyvern (D:10)
  A hippogriff (Lair:1)
  10 orc warriors
  16 water moccasins
  7 porcupines
  A black bear (D:8)
  A necrophage (D:10)
  A wasp (D:10)
  5 centaurs
  2 phantoms
  2 ice beasts
  6 ogres
  6 crocodiles
  Blork the orc (D:6)
  3 big kobolds
  13 giant frogs
  A water moccasin skeleton (D:8)
  9 scorpions
  4 killer bees
  4 wights (D:9)
  7 crimson imps
  2 centaur zombies
  4 hounds
  4 giant frog skeletons
  6 worker ants
  5 iguanas
  12 orc wizards
  5 sheep (Lair:4)
  2 hound skeletons
  8 gnolls
  13 river rats (Lair:3)
  6 adders
  5 shadow imps
  An ooze (D:6)
  An adder skeleton (D:7)
  A worm (D:3)
  30 orcs
  10 giant cockroaches
  2 gnoll zombies (D:4)
  9 goblins
  8 hobgoblins
  2 jackals (D:10)
  4 quokkas
  2 ball pythons (D:1)
  5 bats
  A giant gecko (D:6)
  4 giant newts
  A jackal skeleton (D:5)
  15 kobolds
  2 quokka skeletons
  10 rats
345 creatures vanquished.

Vanquished Creatures (others)
  4 fungi
4 creatures vanquished.

Grand Total: 349 creatures vanquished

Action                   |  1- 3 |  4- 6 |  7- 9 | 10-12 | 13-15 || total
-------------------------+-------+-------+-------+-------+-------++-------
Melee: Dagger            |    39 |       |       |       |       ||    39
       Trident           |    24 |    80 |   182 |   147 |       ||   433
       Mace              |       |    42 |    40 |   138 |       ||   220
Throw: Throwing net      |     2 |       |       |     1 |       ||     3
 Cast: Flame Tongue      |    42 |    22 |    56 |   170 |     1 ||   291
       Conjure Flame     |     1 |     7 |    19 |    18 |       ||    45
       Sticky Flame      |       |     1 |    15 |    70 |       ||    86
       Fireball          |       |       |     4 |    83 |     2 ||    89
Evoke: Wand              |       |       |       |     2 |       ||     2
       Lamp of fire      |       |       |       |     1 |       ||     1
  Use: Potion            |     1 |     1 |     2 |     6 |       ||    10
       Scroll            |       |       |    18 |     6 |       ||    24
 Stab: Held in net/web   |     2 |       |       |       |       ||     2
       Sleeping          |     3 |     6 |       |     4 |       ||    13
       Distracted        |       |       |     1 |       |       ||     1
  Eat: Chunk             |     2 |     1 |     9 |    24 |       ||    36
       Bread ration      |     1 |       |       |       |       ||     1
       Meat ration       |       |     1 |     1 |     4 |       ||     6

Vault maps used:
D:1:      minmay_arrival_up_and_down
D:2:      nicolae_overflow_hidden_temple, bloody_makhleb, uniq_sigmund
D:3:      first_bread
D:4:      lemuel_zombie_altar_yredelemnul, serial_shops, shop_fountains
D:5:      fedhas_altar_1, uniq_prince_ribbit1
D:6:      uniq_blork_the_orc
D:7:      kennysheep_orc_sif_temple, bloody_trog,
          minmay_temple_entry_glassed_door
D:9:      gammafunk_temple_overflow_claw, enter_bailey_2, hangedman_fish_farm
D:10:     minmay_quarter_circles, lair_0_dummy, uniq_erica
D:11:     uniq_erolcha
Temple:   chambers_temple_12
Lair:3:   swamp_mist, minmay_snake_entry_six_corridors, basic_altar,
          uniq_gastronok
Lair:4:   st_stairs_8, cheibrodos_lair_reptile_den
Bailey:   bailey_polearm_1, bailey
